 Dungeon Crawl Stone Soup version 0.29-a0-923-g6e406bff71 (webtiles) character file.

Game seed: 9976467010511604151

112 Spectrina the Magician (level 5, 0/35 HPs)
             Began as a Djinni Venom Mage on July 27, 2022.
             Killed by their own static electricity (2 damage)
             ... on level 6 of the Dungeon.
             The game lasted 00:07:10 (663 turns).

Spectrina the Magician (Djinni Venom Mage)           Turns: 663, Time: 00:07:11

Health: 0/35       AC:  2    Str:  7    XL:     5   Next: 16%
Gold:   92         EV: 12    Int: 18    God:
                   SH:  0    Dex: 14

rFire   + + .      SeeInvis .   d - +0 sling
rCold   x . .      Faith    .   (no shield)
rNeg    . . .      Spirit   .   a - +0 robe
rPois   ∞          Reflect  .   (no helmet)
rElec   .          Harm     .   (no cloak)
rCorr   .          Rampage  .   (no gloves)
Will    .....                   (boots unavailable)
Stlth   ++........              (no amulet)
HPRegen 0.11/turn               (no ring)
MPRegen 0.00/turn               (no ring)

@: flying
A: sickness immunity, fire resistance 2, cold vulnerability 1, float, innate
caster, HP casting, extra vitality 1
a: no special abilities


You were on level 6 of the Dungeon.
You visited 1 branch of the dungeon, and saw 5 of its levels.

You collected 92 gold pieces.

Inventory:

Hand Weapons
 d - a +0 sling (weapon)
Armour
 a - a +0 robe (worn)
Wands
 e - a wand of charming (8)
Scrolls
 b - 2 scrolls of enchant weapon {unknown}
 c - a scroll of magic mapping {unknown}
 g - a scroll of poison {unknown}
 h - a scroll of immolation {unknown}
 i - 3 scrolls of silence {unknown}
 k - a scroll of fog {unknown}
 m - a scroll of enchant armour {unknown}
 n - a scroll of identify {unknown}
 o - a scroll of acquirement {unknown}
Potions
 f - a potion of heal wounds
 j - a potion of attraction {unknown}
 l - a potion of resistance {unknown}


   Skills:
 - Level 2.1 Dodging
 - Level 1.5 Stealth
 + Level 4.2 Spellcasting


You couldn't memorise any spells.
You knew the following spells:

 Your Spells              Type           Power      Damage    Failure   Level
a - Sting                 Tmut/Pois      76%        1d6       2%          1
d - Static Discharge      Conj/Air       19%        3-6/arc   3%          2
f - Olgreb's Toxic Radia  Pois           19%        N/A       24%         4
m - Mephitic Cloud        Conj/Pois/Air  19%        N/A       8%          3
p - Summon Small Mammal   Summ           76%        N/A       2%          1
q - Poisonous Vapours     Pois/Air       38%        N/A       3%          2
Your spell library was empty.

Dungeon Overview and Level Annotations

Branches:
Dungeon (4/15)
 Temple: D:4-7

Altars:

Annotations:
D:2 Natasha


Innate Abilities, Weirdness & Mutations

You are immune to sickness and miasma.
You are immune to poison.
Your flesh is very heat resistant. (rF++)
You are vulnerable to cold. (rC-)
You float through the air rather than walking.
You learn spells naturally, not from books.
Your magical power is your life essence.
You have superior vitality. (+4 MHP)


Message History

Adjust to which letter? q - Poisonous Vapours Adjust (i)tems, (s)pells, or (a)bilities?
Adjust which spell? c - Mephitic Cloud Adjust to which letter? m - Mephitic Cloud Adjust (i)tems, (s)pells, or (a)bilities?
Adjust which spell? d - Olgreb's Toxic Radiance Adjust to which letter? f - Olgreb's Toxic Radiance Adjust (i)tems, (s)pells, or (a)bilities?
Adjust which spell? e - Static Discharge Adjust to which letter? d - Static Discharge You reach down and open the door.
An adder comes into view.
The adder hisses angrily.
Your bat hits the adder but does no damage.
Casting: Sting (safe; 2% risk of failure)
Confirm with . or Enter, or press ? or * to list all spells.
Really attack your bat?
Your bat is struck by an arc of lightning.
Your bat is severely wounded.
You are struck by an arc of lightning.
* * * LOW HITPOINT WARNING * * *
The lightning grounds out.
* * * LOW HITPOINT WARNING * * *
Your bat disappears in a puff of smoke!
The adder barely misses you.
Unknown command.
Unknown command.
Casting: Static Discharge (safe; 3% risk of failure)
Confirm with . or Enter, or press ? or * to list all spells.
The adder is struck by an arc of lightning.
The adder is heavily wounded.
You are struck by an arc of lightning.
You die...

### ### #.. ..#
#.####.# #####
#....#.#
......#....#.#########
......S@..............
......#§##.#....#####
.........#.####.#
#######..#.# #.#
####.####.#####..
...............
##.####.######.. #.#
#(######.. #.#
#...h.....


You could see an adder.

Vanquished Creatures
  A hound (D:6)
  4 adders
  A dart slug (D:2)
  3 ball pythons
  5 endoplasms
  4 goblins
  A jackal (D:2)
  A quokka (D:3)
  6 bats
  3 frilled lizards
  3 kobolds
  A rat (D:2)
33 creatures vanquished.

Vanquished Creatures (collateral kills)
  A dart slug (D:3)
  2 endoplasms (D:3)
  A giant cockroach (D:3)
  3 goblins
  A quokka (D:3)
  A ball python (D:3)
  A rat (D:3)
10 creatures vanquished.

Grand Total: 43 creatures vanquished

Notes
Turn   | Place    | Note
-------+----------+-------------------------------------------
     0 | D:1      | Spectrina the Djinni Venom Mage began the quest for the
                  | Orb.
     0 | D:1      | Spectrina set off with the following spells memorised:
                  | Sting, Poisonous Vapours, Mephitic Cloud, Olgreb's Toxic
                  | Radiance.
     0 | D:1      | Reached XP level 1. HP: 15/15 MP: 0/0
    90 | D:2      | Reached XP level 2. HP: 6/21 MP: 0/0
   175 | D:3      | Reached skill level 3 in Spellcasting
   175 | D:3      | Reached XP level 3. HP: 2/25 MP: 0/0
   175 | D:3      | Learned a level 1 spell: Summon Small Mammal
   187 | D:2      | HP: 1/25 [jackal (1)]
   282 | D:2      | Noticed Natasha
   426 | D:3      | Reached XP level 4. HP: 20/31 MP: 0/0
   582 | D:4      | Reached skill level 4 in Spellcasting
   633 | D:4      | You are sucked into a shaft and drop 2 floors!
   652 | D:6      | Reached XP level 5. HP: 7/35 MP: 0/0
   652 | D:6      | Learned a level 2 spell: Static Discharge
   663 | D:6      | Killed from afar by themself

Illustrated notes

Levels and vault maps discovered:
D:1:      dpeg_arrival_renting, layout_basic,
          hellmonk_ecumenical_altar_leap_of_faith
D:2:      layout_loops_cross, chequers_serial_rivers_room_b, serial_park_tiny_2,
          uniq_terence, uniq_natasha
D:3:      layout_rooms, gammafunk_ghost_necromancy, dreamdust_mushroom_princess,
          st_stairs_7
D:4:      layout_rooms, minitemple
D:6:      layout_basic, minmay_temple_entry_offerings,
          chequers_serial_rivers_micro_e, st_stairs_5

Skill      XL: |  1  2  3  4 |
---------------+-------------+-----
Spellcasting   | 3 4 |  4.2
Dodging        | |  2.1
Stealth        | |  1.5

Action                   |  1- 3 |  4- 6 || total
-------------------------+-------+-------++-------
Melee: Unarmed           |     1 |       ||     1
 Fire: Sling             |    29 |    20 ||    49
 Cast: Sting             |    29 |    10 ||    39
       Summon Small Mamm |     3 |     8 ||    11
       Static Discharge  |       |     1 ||     1
  Use: Potion            |     2 |       ||     2
Armor: Robe              |     7 |     1 ||     8
Dodge: Dodged            |    30 |    11 ||    41

Table legend: (Time is in decaauts)
 A = Elapsed time spent in this place.
 B = Non-inter-level travel time spent in this place.
 C = Inter-level travel time spent in this place.
 D = Time resting spent in this place.
 E = Time spent auto-exploring this place.
 F = Levels seen in this place.
 G = Mean time per level.
                   A        B        C        D        E       F      G
               +--------+--------+--------+--------+--------+-----+--------+
         Total |    680 |    665 |     15 |      0 |      0 |   5 |  136.0 |
       Dungeon |    680 |    665 |     15 |      0 |      0 |   5 |  136.0 |
               +--------+--------+--------+--------+--------+-----+--------+

Top non-repeatable levels by time:
     D:2: 325 daAuts
     D:3: 245 daAuts
     D:4: 56 daAuts
     D:6: 29 daAuts
     D:1: 24 daAuts
